 Dungeon Crawl Stone Soup version 0.28.0-43-g3370ac3207 (console) character file.

Game seed: 15617875888641670532

2398 erker the Cleaver (level 9, -2/80 HPs)
             Began as a Deep Dwarf Fighter on Mar 28, 2022.
             Was a Follower of Makhleb.
             Killed from afar by Harold (43 damage)
             ... with a bolt of acid
             ... on level 7 of the Dungeon.
             The game lasted 00:27:22 (5657 turns).

erker the Cleaver (Deep Dwarf Fighter)              Turns: 5657, Time: 00:27:23

Health: -2/80      AC: 11    Str: 30    XL:     9   Next: 23%
Magic:  5/5        EV: 11    Int: 13    God:    Makhleb [*.....]
Gold:   102        SH:  5    Dex: 15    Spells: 8/8 levels left

rFire   . . .      SeeInvis .   a - +5 broad axe {elec, *Corrode Int+4 Dex+3}
rCold   . . .      Faith    .   c - +0 buckler
rNeg    . . .      Spirit   .   i - +0 scale mail
rPois   +          Reflect  .   j - +0 helmet
rElec   +          Harm     .   I - +0 cloak
rCorr   .          Rampage  .   (no gloves)
Will    +....                   g - +0 pair of boots
Stlth   ..........              (no amulet)
HPRegen 0.00/turn               t - ring "Micvask" {rElec Str+6}
MPRegen 0.09/turn               u - ring of poison resistance

@: no status effects
A: damage resistance, heal wounds, sense surroundings 2, no regeneration
a: Heal Wounds, Renounce Religion


You were on level 7 of the Dungeon.
You worshipped Makhleb.
Makhleb was aware of your devotion.
You visited 2 branches of the dungeon, and saw 8 of its levels.

You collected 321 gold pieces.
You spent 219 gold pieces at shops.

Inventory:

Hand Weapons
 a - the +5 broad axe of Hard Scrabble (weapon) {elec, *Corrode Int+4 Dex+3}
   (You bought it in a shop on level 4 of the Dungeon)

   It occasionally discharges a powerful burst of electricity upon striking a
   foe.
   Int:       It affects your intelligence (+4).
   Dex:       It affects your dexterity (+3).
   *Corrode:  It may corrode you when you take damage.
 b - a +1 dagger of draining
 C - a +0 war axe
Missiles
 x - 3 curare-tipped darts (quivered)
 z - 4 atropa-tipped darts
Armour
 c - a +0 buckler (worn)
 g - a +0 pair of boots (worn)
 i - a +0 scale mail (worn)
 j - a +0 helmet (worn)
 I - a +0 cloak (worn)
Jewellery
 t - the ring "Micvask" (left hand) {rElec Str+6}
   (You found it on level 4 of the Dungeon)

   [ring of strength]

   Str:       It affects your strength (+6).
   rElec:     It insulates you from electricity.
 u - a ring of poison resistance (right hand)
 E - a ring of ice
 F - a +4 ring of evasion
 J - a ring of flight
Wands
 p - a wand of polymorph (5)
 r - a wand of mindburst (2)
 G - a wand of paralysis (12)
Scrolls
 e - 9 scrolls of identify {unknown}
 m - a scroll of torment {unknown}
 o - 3 scrolls of fear {unknown}
 q - 3 scrolls of teleportation {unknown}
 v - 3 scrolls of vulnerability {unknown}
 w - 2 scrolls of enchant weapon {unknown}
 y - a scroll of enchant armour {unknown}
 A - a scroll of fog {unknown}
 B - a scroll of blinking {unknown}
 D - a scroll of immolation {unknown}
Potions
 d - 2 potions of might
 f - 2 potions of lignification {unknown}
 h - 5 potions of curing {unknown}
 k - 3 potions of attraction {unknown}
 l - 2 potions of cancellation {unknown}
 n - 2 potions of heal wounds {unknown}
 s - a potion of haste {unknown}
 H - a potion of invisibility {unknown}


   Skills:
 + Level 4.8 Fighting
 * Level 9.0 Axes
 + Level 6.6 Armour
 + Level 3.0 Dodging
 + Level 5.3 Shields
 * Level 5.5 Evocations


You had 8 spell levels left.
You didn't know any spells.
Your spell library contained the following spells:

 Spells                   Type           Power      Damage    Failure   Level
 Beastly Appendage        Tmut           0%         N/A       61%         1
 Wereblood                Tmut           0%         N/A       75%         2
 Ozocubu's Armour         Ice            0%         N/A       93%         3
 Spider Form              Tmut/Pois      0%         N/A       93%         3
 Summon Guardian Golem    Hex/Summ       0%         N/A       93%         3
 Alistair's Intoxication  Tmut/Pois      0%         N/A       100%        5
 Borgnjor's Vile Clutch   Necr/Erth      0%         N/A       100%        5
 Eringya's Noxious Bog    Tmut/Pois      0%         N/A       100%        6
 Orb of Destruction       Conj           0%         9d5       100%        7
 Ozocubu's Refrigeration  Ice            0%         4d5       100%        7
 Spellforged Servitor     Conj/Summ      0%         N/A       100%        7


Dungeon Overview and Level Annotations

Branches:
Dungeon (7/15)             Temple (1/1) D:4

Altars:
Cheibriados
Dithmenos
Elyvilon
Fedhas
Gozag
Hepliaklqana
Kikubaaqudgha
Makhleb
Nemelex Xobeh
Okawaru
Qazlal
Sif Muna
Trog
Uskayaw
Vehumet
Wu Jian
Xom
Yredelemnul
Zin
The Shining One

Shops:
D:4 ?(

Annotations:
D:3 1 runed translucent door, Crazy Yiuf
D:7 Harold


Innate Abilities, Weirdness & Mutations

You are resistant to damage.
You can heal yourself by infusing magical energy.
You passively map the area around you.
You do not regenerate.


Message History

You kill the orc!
Makhleb accepts your kill.
k - 3 orange potions (gained 1)
Items here: )) [ †.
You see here a +0 club.
H - a black potion As you open the door, it creaks loudly!
There is an open door here.
Found a cloak.
Found a stone staircase leading down.
You see here a +0 cloak.
I - a +0 cloak You start putting on your armour.
You continue putting on your +0 cloak. x4
You finish putting on your +0 cloak.
There is a stone staircase leading down here.
Found a falchion.
J - a ring of flight A wyvern skeleton comes into view.
You slice the wyvern skeleton!!
The wyvern skeleton is heavily damaged.
The wyvern skeleton bites you!
You slice the wyvern skeleton!!
You destroy the wyvern skeleton!
Makhleb accepts your kill.
Found 3 gold pieces.
You now have 102 gold pieces (gained 3).
Harold the Weathered comes into view.
He is wielding a +2 hand axe of venom, wearing a +1 scale mail of fire resistance and carrying a wand of acid (7).
Harold shouts!
Aiming: Polymorph
Press: ? - help, Shift-Dir - straight line, f - Harold
Aim: Harold, wielding a +2 hand axe of venom, wearing a +1 scale mail of fire resistance, quivering 3 throwing nets and carrying a wand of acid (7) (will become a culicivora, a spriggan, or a komodo dragon, chance to affect: 28%)
Okay, then.
Unknown command.
Throw: 4 darts (curare)
Press: ? - help, Q - select action, (/) - cycle Shift-Dir - straight line, f - Harold
Aim: Harold, wielding a +2 hand axe of venom, wearing a +1 scale mail of fire resistance, quivering 3 throwing nets and carrying a wand of acid (7) (71% to hit)
You throw a curare-tipped dart.
The curare-tipped dart closely misses Harold.
Harold zaps a wand.
The bolt of acid hits you!!!
Ouch! That really hurt!
You die...

*, * *, , ..* * * # ,
..# #.* # * #.# ##'## #
#.# ##...## # ## #.#
##.....## #
##.##.###.......## ##
##(..#.##........)####.
#....@..+........)'....
* #@##.........####.
#.###.......## ##
*###.####.....## #
#.....###...##
#####.###.# ##'##
#)....# #.# #.#
#.###.###.# #.# #.#
#.....# ##.####### #.#
#########........#


You could see Harold.

Vanquished Creatures
  Pikel (D:6)
  Sigmund (D:3)
  Edmund (D:6)
  A water moccasin (D:6)
  An ice beast (D:5)
  A sky beast (D:6)
  A necrophage (D:5)
  An ogre (D:6)
  A centaur (D:6)
  3 lemures (D:6)
  A phantom (D:5)
  Blork the orc (D:6)
  A bullfrog (D:6)
  2 wyvern skeletons
  2 scorpions
  3 orc priests
  2 jellies (D:6)
  2 hounds
  Ijyb (D:3)
  Jessica (D:2)
  Natasha (thrice) (D:2)
  2 iguanas (D:6)
  An orc wizard (D:4)
  Terence (D:3)
  A hound zombie (D:5)
  A mummy (D:5)
  A howler monkey skeleton (D:4)
  12 adders
  3 shadow imps
  2 white imps
  An adder skeleton (D:4)
  A worm (D:2)
  4 dart slugs
  8 orcs
  13 ball pythons
  3 endoplasms
  4 giant cockroaches
  6 hobgoblins
  3 jackals (D:1)
  2 quokkas (D:5)
  4 bats
  7 frilled lizards
  4 goblins
  2 hobgoblin zombies (D:5)
  7 kobolds
  A kobold zombie (D:5)
  An orc zombie (D:5)
  8 rats
134 creatures vanquished.

Vanquished Creatures (others)
  A demonic plant (D:1)
  A fungus (D:1)
  A plant (D:1)
  A withered plant (D:1)
4 creatures vanquished.

Grand Total: 138 creatures vanquished

Notes
Turn   | Place    | Note
-------+----------+-------------------------------------------
     0 | D:1      | erker the Deep Dwarf Fighter began the quest for the Orb.
     0 | D:1      | Reached XP level 1. HP: 20/20 MP: 1/1
   148 | D:1      | Reached XP level 2. HP: 21/27 MP: 2/2
   199 | D:1      | Found a faded altar of an unknown god.
   367 | D:1      | Reached XP level 3. HP: 21/34 MP: 3/3
   589 | D:2      | Noticed Natasha
   663 | D:2      | Killed Natasha
   664 | D:2      | Reached skill level 3 in Axes
   664 | D:2      | Reached skill level 1 in Dodging
   789 | D:2      | Reached XP level 4. HP: 37/42 MP: 4/4
   945 | D:2      | Noticed Natasha
   953 | D:2      | Killed Natasha
   954 | D:2      | Reached XP level 5. HP: 35/49 MP: 5/5
  1119 | D:2      | Noticed Jessica
  1131 | D:2      | Killed Jessica
  1424 | D:2      | Reached skill level 4 in Axes
  1461 | D:2      | Noticed Natasha
  1469 | D:2      | Killed Natasha
  1475 | D:3      | Noticed Ijyb
  1513 | D:3      | Noticed Terence
  1523 | D:3      | Killed Terence
  1667 | D:3      | Reached XP level 6. HP: 44/56 MP: 6/6
  1689 | D:3      | Reached skill level 1 in Evocations
  1749 | D:3      | Identified the +0 leather armour "Fib Liv" {Harm rF- rC+
                  | rCorr}
  1781 | D:3      | Killed Ijyb
  1835 | D:3      | Noticed Sigmund
  1905 | D:3      | Killed Sigmund
  1906 | D:3      | Reached skill level 5 in Armour
  1906 | D:3      | Reached XP level 7. HP: 27/63 MP: 7/7
  1936 | D:3      | Found a runed translucent door.
  1937 | D:3      | Noticed Crazy Yiuf
  2440 | D:4      | Found a shimmering blue altar of Sif Muna.
  2441 | D:4      | Found a hazy altar of Hepliaklqana.
  2448 | D:4      | Identified the ring "Micvask" {rElec Str+6}
  2462 | D:4      | Found Vaampir's Antique Weapon Shoppe.
  2571 | D:4      | Found Josut Nye's Magic Scroll Boutique.
  2575 | D:4      | Bought a scroll of noise for 12 gold pieces
  2588 | D:4      | Found a staircase to the Ecumenical Temple.
  2597 | Temple   | Entered the Ecumenical Temple
  2785 | Temple   | Became a worshipper of Makhleb the Destroyer
  3402 | D:5      | Entered Level 5 of the Dungeon
  3815 | D:5      | Reached skill level 5 in Axes
  4074 | D:4      | Bought a pitted broad axe for 207 gold pieces
  4074 | D:4      | Identified the +5 broad axe of Hard Scrabble {elec,
                  | *Corrode Int+4 Dex+3} (You bought it in a shop on level 4
                  | of the Dungeon)
  4488 | D:6      | Reached XP level 8. HP: 31/72 MP: 7/7
  4507 | D:6      | Reached skill level 6 in Axes
  4635 | D:6      | Noticed Edmund
  4643 | D:6      | Killed Edmund
  4648 | D:6      | Identified the +1 robe of Tina Dosu {*Slow rN+ Str+4 Dex+2}
  4670 | D:6      | Reached skill level 5 in Shields
  4678 | D:6      | Reached * piety under Makhleb
  4749 | D:6      | Reached skill level 7 in Axes
  5044 | D:6      | Reached skill level 5 in Evocations
  5051 | D:6      | Noticed Pikel
  5052 | D:6      | Noticed Blork the orc
  5067 | D:6      | Killed Pikel
  5068 | D:6      | Reached skill level 8 in Axes
  5068 | D:6      | Gained mutation: You passively map the area around you.
                  | [Deep Dwarf growth]
  5068 | D:6      | Reached XP level 9. HP: 27/79 MP: 7/7
  5072 | D:6      | Killed Blork the orc
  5568 | D:7      | Reached skill level 9 in Axes
  5656 | D:7      | Noticed Harold
  5657 | D:7      | Killed from afar by Harold

Illustrated notes

Levels and vault maps discovered:
D:1:      heliophobic_arrival_dark_side_of_the_moon, layout_basic,
          shapermc_ecumenical_altar_gd
D:2:      layout_loops_cross, minmay_snake_closets, uniq_jessica, uniq_natasha
D:3:      layout_rooms, kennysheep_generic_room_13, uniq_crazy_yiuf_cottage,
          uniq_ijyb, uniq_terence, uniq_sigmund
D:4:      layout_basic, grunt_temple_overflow_open,
          minmay_temple_entry_junction, serial_shops,
          nicolae_shop_temple_entry_statues_fountains, shop
D:5:      nicolae_BIG_FREAKIN_CUBE, layout_basic, minmay_mini_ossuary
D:6:      layout_gridville, uniq_pikel, uniq_edmund, uniq_blork_the_orc
D:7:      layout_loops_corners, minmay_ruined_shrine, uniq_harold, uniq_maggie
Temple:   eino_narrow_crystal_temple

Skill      XL: |  1  2  3  4  5  6  7  8  9 |
---------------+----------------------------+-----
Fighting       | 3 4 |  4.8
Axes           | 3 4 5 8 9 |  9.0
Dodging        | 1 2 3 |  3.0
Armour         | 4 5 6 |  6.6
Shields        | 4 5 |  5.3
Evocations     | 2 4 5 |  5.5

Action                   |  1- 3 |  4- 6 |  7- 9 || total
-------------------------+-------+-------+-------++-------
Melee: War axe           |   105 |     5 |    66 ||   176
       Dagger            |    18 |   170 |    57 ||   245
       Broad axe         |       |       |    62 ||    62
Throw: Dart              |       |       |     8 ||     8
 Abil: Heal Wounds       |     1 |     2 |     6 ||     9
  Use: Scroll            |       |       |     1 ||     1
Armor: Scale mail        |    59 |    52 |    74 ||   185
Dodge: Dodged            |    54 |    71 |    84 ||   209
Block: Buckler           |    31 |    28 |    38 ||    97
